 Dungeon Crawl Stone Soup version 0.29.1-15-g9cfb28693d (webtiles) character file.

Game seed: 9547978531244329915

245 jtron the Fighter (level 6, -1/57 HPs)
             Began as a Gnoll Wanderer on Mar 3, 2023.
             Slain by Pikel
             ... wielding a +1 whip of freezing
              (4 damage)
             ... on level 4 of the Dungeon.
             The game lasted 00:06:30 (4077 turns).

jtron the Fighter (Gnoll Wanderer)                  Turns: 4077, Time: 00:06:30

Health: -1/57      AC: 11    Str: 14    XL:     6   Next: 10%
Magic:  14/14      EV:  6    Int: 23    God:
Gold:   308        SH:  0    Dex: 10    Spells: 15/15 levels left

rFire   . . .      SeeInvis .   a - +1 falchion
rCold   . . .      Faith    .   (no shield)
rNeg    . . .      Spirit   .   w - +1 chain mail "Diunea Kori" {rPois Int+5}
rPois   +          Reflect  .   (no helmet)
rElec   .          Harm     .   e - +1 cloak
rCorr   .          Rampage  .   (no gloves)
Will    .....                   (no boots)
Stlth   ..........              x - amulet of the acrobat
HPRegen 0.19/turn               k - ring of flight
MPRegen 0.14/turn               v - +6 ring of intelligence

@: flying
A: fangs 1, strong nose, distributed training
a: no special abilities


You were on level 4 of the Dungeon.
You visited 1 branch of the dungeon, and saw 4 of its levels.

You collected 308 gold pieces.

Inventory:

Hand Weapons
 a - a +1 falchion (weapon)
Missiles
 f - 3 boomerangs
 g - 7 poisoned darts (quivered)
 m - 25 stones
Armour
 c - a +0 leather armour
 e - a +1 cloak (worn)
 h - a +0 pair of boots
 w - the +1 chain mail "Diunea Kori" (worn) {rPois Int+5}
   (You found it on level 3 of the Dungeon)

   Int:       It affects your intelligence (+5).
   rPois:     It protects you from poison.
Jewellery
 k - a ring of flight (left hand)
 v - a +6 ring of intelligence (right hand)
 x - an amulet of the acrobat (around neck)
Scrolls
 b - a scroll of fog
 i - a scroll of torment {unknown}
 l - a scroll of vulnerability {unknown}
 o - 2 scrolls of immolation {unknown}
 q - a scroll of poison {unknown}
Potions
 j - 2 potions of curing
 p - 2 potions of ambrosia
 r - a potion of mutation
 s - a potion of cancellation
 t - a potion of lignification
 u - a potion of magic {unknown}


   Skills:
 + Level 8.7 Fighting
 + Level 1.9 Short Blades
 + Level 6.8 Long Blades
 + Level 1.9 Axes
 + Level 1.9 Maces & Flails
 + Level 1.9 Polearms
 + Level 1.9 Staves
 + Level 1.9 Ranged Weapons
 + Level 1.9 Throwing
 + Level 1.9 Armour
 + Level 1.9 Dodging
 + Level 1.9 Stealth
 + Level 1.9 Shields
 + Level 1.9 Unarmed Combat
 + Level 5.3 Spellcasting
 + Level 1.5 Conjurations
 + Level 1.5 Hexes
 + Level 1.5 Summonings
 + Level 1.5 Necromancy
 + Level 1.5 Translocations
 + Level 1.5 Transmutations
 + Level 1.5 Fire Magic
 + Level 1.5 Ice Magic
 + Level 1.5 Air Magic
 + Level 1.5 Earth Magic
 + Level 1.5 Poison Magic
 + Level 2.1 Invocations
 + Level 1.9 Evocations


You had 15 spell levels left.
You didn't know any spells.
Your spell library contained the following spells:

 Spells                   Type           Power      Damage    Failure   Level
 Beastly Appendage        Tmut           26%        N/A       78%         1
 Magic Dart               Conj           52%        1d5       78%         1
 Sandblast                Erth           26%        2d8       78%         1
 Sting                    Tmut/Pois      52%        1d5       78%         1
 Summon Small Mammal      Summ           52%        N/A       78%         1
 Passwall                 Tmut/Erth      10%        N/A       89%         2
 Searing Ray              Conj           26%        2d5       89%         2
 Sublimation of Blood     Necr           13%        N/A       89%         2
 Call Canine Familiar     Summ           13%        N/A       98%         3
 Conjure Flame            Conj/Fire      13%        6-21      98%         3
 Stone Arrow              Conj/Erth      26%        3d8       98%         3
 Summon Guardian Golem    Hex/Summ       13%        N/A       98%         3
 Fulminant Prism          Conj/Hex       6%         3d7       100%        4


Dungeon Overview and Level Annotations

Branches:
Dungeon (4/15)
 Temple: D:4-7

Altars:
Ru
Wu Jian
Xom

Annotations:
D:4 Pikel


Innate Abilities, Weirdness & Mutations

You have very sharp teeth.
Your uncanny sense of smell can sniff out nearby items.
Your experience applies equally to all skills.


Message History

Pikel hits you but does no damage.
You slash Pikel! You bite Pikel, but do no damage.
Pikel is moderately wounded.
Pikel hits you but does no damage.
You slash Pikel! You bite Pikel, but do no damage.
Pikel is heavily wounded.
Pikel hits you with a +1 whip of freezing!
Pikel freezes you.
You slash Pikel!
Pikel is severely wounded.
You slash Pikel!
Pikel is almost dead.
Pikel hits you with a +1 whip of freezing!
Pikel freezes you. The lemure hits you but does no damage.
You hit Pikel.
Pikel is almost dead.
Pikel hits you with a +1 whip of freezing.
Pikel freezes you.
* * * LOW HITPOINT WARNING * * *
The lemure hits you but does no damage.
You closely miss Pikel. You bite Pikel, but do no damage.
Pikel is almost dead.
Pikel hits you but does no damage. The lemure hits you but does no damage.
You barely miss Pikel.
Pikel is almost dead.
Pikel hits you but does no damage. The lemure hits you but does no damage.
You closely miss Pikel. Your bite misses Pikel.
Pikel is almost dead.
Pikel hits you with a +1 whip of freezing!
* * * LOW HITPOINT WARNING * * *
Pikel freezes you.
* * * LOW HITPOINT WARNING * * *
The lemure hits you but does no damage.
You closely miss Pikel.
Pikel is almost dead.
Pikel hits you but does no damage. The lemure hits you but does no damage.
You hit Pikel but do no damage.
Pikel is almost dead.
Pikel hits you with a +1 whip of freezing.
You die...

######## # #.......
###.#############.......
......5.........'.......
.....(K@......#.#.......
####....(.....#.########
.....#.#.....<#.#
####...#.#.####.#
#..##.#......# # #..
#.######## # #.. #.# #
#.# #.# ####### ..#
#......


You could see Pikel and a lemure.

Vanquished Creatures
  An ogre (D:4)
  3 lemures
  A jelly (D:4)
  A hound (D:4)
  An adder (D:2)
  An ufetubus (D:4)
  A worm (D:3)
  3 dart slugs
  An orc (D:3)
  13 ball pythons
  8 bats
  7 endoplasms
  13 giant cockroaches
  3 goblins
  A hobgoblin (D:1)
  9 jackals
  A quokka (D:1)
  4 frilled lizards
  3 kobolds
  6 rats
81 creatures vanquished.

Notes
Turn   | Place    | Note
-------+----------+-------------------------------------------
     0 | D:1      | jtron the Gnoll Wanderer began the quest for the Orb.
     0 | D:1      | jtron set off with the following items: a +1 falchion, a
                  | scroll of fog, a +0 leather armour; and the following
                  | spells available to memorise: Beastly Appendage, Sting,
                  | Sublimation of Blood, Conjure Flame.
     0 | D:1      | Reached XP level 1. HP: 26/26 MP: 6/6
   185 | D:1      | Reached XP level 2. HP: 32/33 MP: 7/7
   492 | D:1      | Reached skill level 5 in Spellcasting
   492 | D:1      | Reached XP level 3. HP: 37/38 MP: 7/9
  1079 | D:2      | Reached skill level 1 in Invocations
  1315 | D:2      | Reached skill level 1 in Short Blades
  1315 | D:2      | Reached skill level 1 in Axes
  1315 | D:2      | Reached skill level 1 in Maces & Flails
  1315 | D:2      | Reached skill level 1 in Polearms
  1315 | D:2      | Reached skill level 1 in Staves
  1315 | D:2      | Reached skill level 1 in Ranged Weapons
  1315 | D:2      | Reached skill level 1 in Throwing
  1315 | D:2      | Reached skill level 1 in Armour
  1315 | D:2      | Reached skill level 1 in Dodging
  1315 | D:2      | Reached skill level 1 in Stealth
  1315 | D:2      | Reached skill level 1 in Shields
  1315 | D:2      | Reached skill level 1 in Unarmed Combat
  1315 | D:2      | Reached skill level 1 in Evocations
  1349 | D:2      | Found a faded altar of an unknown god.
  1392 | D:2      | Found a sacrificial altar of Ru.
  1407 | D:2      | Reached XP level 4. HP: 36/45 MP: 11/11
  1850 | D:3      | Identified the +1 chain mail "Diunea Kori" {rPois Int+5}
  1958 | D:3      | Reached skill level 1 in Conjurations
  1958 | D:3      | Reached skill level 1 in Hexes
  1958 | D:3      | Reached skill level 1 in Summonings
  1958 | D:3      | Reached skill level 1 in Necromancy
  1958 | D:3      | Reached skill level 1 in Translocations
  1958 | D:3      | Reached skill level 1 in Transmutations
  1958 | D:3      | Reached skill level 1 in Fire Magic
  1958 | D:3      | Reached skill level 1 in Ice Magic
  1958 | D:3      | Reached skill level 1 in Air Magic
  1958 | D:3      | Reached skill level 1 in Earth Magic
  1958 | D:3      | Reached skill level 1 in Poison Magic
  2431 | D:3      | Found a shimmering altar of Xom.
  2668 | D:3      | Found an ornate altar of the Wu Jian Council.
  2888 | D:4      | Noticed a lemure
  2971 | D:4      | Noticed Pikel
  2972 | D:4      | Noticed a lemure
  2988 | D:3      | Killed a lemure
  3034 | D:4      | Noticed an ogre
  3316 | D:4      | Noticed a lemure
  3340 | D:4      | Reached XP level 5. HP: 49/51 MP: 12/12
  3716 | D:4      | HP: 2/51 [ogre/+0 giant spiked club (23)]
  3717 | D:4      | Killed an ogre
  3718 | D:4      | Reached XP level 6. HP: 2/57 MP: 14/14
  4075 | D:4      | HP: 2/57 [Pikel/+1 whip of freezing (5)]
  4077 | D:4      | Slain by Pikel

Illustrated notes

Levels and vault maps discovered:
D:1:      dpeg_arrival_court, layout_loops_ring, kennysheep_another_room,
          serial_bayou_pond_d, nrook_mini_vaults
D:2:      layout_basic, basic_altar, nicolae_ecumenical_snake_handling,
          roderic_lattice_a, minmay_ruptured
D:3:      minmay_roachtagon, layout_loops_corners,
          mainiacjoe_overflow_six_doors_small, amcnicky_altar_gilded,
          small_statue_intersection, guppyfry_early_lair_pool
D:4:      layout_basic, uniq_pikel

Skill      XL: |  1  2  3  4  5 |
---------------+----------------+-----
Spellcasting   | 5 |  5.3
Invocations    | 1 2 |  2.1
Short Blades   | 1 |  1.9
Axes           | 1 |  1.9
Maces & Flails | 1 |  1.9
Polearms       | 1 |  1.9
Staves         | 1 |  1.9
Ranged Weapons | 1 |  1.9
Throwing       | 1 |  1.9
Armour         | 1 |  1.9
Dodging        | 1 |  1.9
Stealth        | 1 |  1.9
Shields        | 1 |  1.9
Unarmed Combat | 1 |  1.9
Evocations     | 1 |  1.9
Conjurations   | 1 |  1.5
Hexes          | 1 |  1.5
Summonings     | 1 |  1.5
Necromancy     | 1 |  1.5
Translocations | 1 |  1.5
Transmutations | 1 |  1.5
Fire Magic     | 1 |  1.5
Ice Magic      | 1 |  1.5
Air Magic      | 1 |  1.5
Earth Magic    | 1 |  1.5
Poison Magic   | 1 |  1.5
Fighting       | |  8.7
Long Blades    | |  6.8

Action                   |  1- 3 |  4- 6 || total
-------------------------+-------+-------++-------
Melee: Falchion          |   103 |   163 ||   266
       Bite              |     8 |    19 ||    27
       Punch             |     1 |     1 ||     2
Throw: Dart              |       |     9 ||     9
       Boomerang         |       |     2 ||     2
       Stone             |       |     4 ||     4
  Use: Potion            |       |     3 ||     3
       Scroll            |       |     5 ||     5
 Stab: Sleeping          |     2 |       ||     2
Armor: Leather armour    |    57 |    22 ||    79
       Chain mail        |       |    45 ||    45
Dodge: Dodged            |    84 |    72 ||   156
